Map: [ESL] Gresvan

Players

Bly

  • Race: Zerg Zerg
  • Spawn Location: 11:00

Elazer - Winner!

  • Race: Zerg Zerg
  • Spawn Location: 5:00

Event: ESL SC2 Masters 2023 Summer (Regionals)

VOD

Have the link to the VOD?

Description

Time

  • Played on: May 17, 2023, 1:48 p.m.
  • Length: 14:48

All games in this series

Show
View Real Time Build Order
Export as new Build Order

Bly Zerg 

Build Orders: Hatch First 

Get SALT Encoding   

  12  0:00  Drone  
  13  0:12  Overlord  
  13  0:17  Drone  
  14  0:32  Drone x2  
  16  0:49  Hatchery  
  15  0:53  Drone  
  16  0:57  Drone  
  16  1:01  Drone  
  18  1:17  Spawning Pool  
  18  1:18  Extractor  
  16  1:21  Drone x2  
  18  1:30  Drone  
  19  1:45  Drone  
  20  1:51  Overlord  
  20  2:04  Queen x2  
  20  2:05  Zergling x4  
  26  2:10  Drone  
  26  2:12  Drone  
  28  2:21  Drone  
  28  2:22  Drone  
  30  2:32  Drone  
  30  2:33  Overlord  
  31  2:39  Queen  
  33  2:49  Drone x2  
  35  3:00  Drone x2  
  35  3:05  Lair  
  36  3:12  Evolution Chamber  
  35  3:14  Drone x8  
  35  3:19  Roach Warren  
  42  3:26  Evolution Chamber  
  41  3:28  Drone x2  
  43  3:36  Extractor, Overlord  
  43  3:38  Extractor x2  
  43  3:39  Zerg Melee Weapons Level 1  
  39  3:43  Queen  
  39  3:44  Drone  
  42  3:50  Drone x2  
  44  3:58  Drone x6  
  44  4:02  Glial Reconstitution  
  50  4:08  Drone x2  
  52  4:17  Overlord  
  52  4:18  Overlord  
  52  4:24  Spire  
  51  4:26  Metabolic Boost  
  51  4:30  Drone  
  52  4:34  Overlord  
  52  4:43  Drone x2  
  54  5:01  Zergling x20  
  64  5:16  Zergling x4  
  66  5:32  Hatchery  
  65  5:37  Evolution Chamber  
  65  5:40  Mutalisk x6  
  75  5:55  Overlord x2  
  74  6:00  Evolution Chamber  
  71  6:04  Evolution Chamber  
  71  6:05  Mutalisk x3  
  71  6:08  Overlord  
  76  6:18  Drone x6  
  82  6:27  Hatchery, Overlord  
  82  6:30  Overlord  
  80  6:43  Mutalisk x4  
  84  6:47  Zergling x2  
  84  6:50  Zerg Flyer Weapons Level 1  
  84  6:53  Zergling x2  
  86  6:56  Zergling x8  
  86  6:57  Zergling x6  
  93  7:12  Drone x2  
  95  7:18  Mutalisk  
  95  7:19  Mutalisk x3  
  103  7:23  Baneling Nest  
  103  7:26  Drone x6  
  105  7:38  Extractor  
  105  7:39  Zergling x2  
  105  7:41  Extractor  
  105  7:43  Hatchery  
  103  7:51  Drone x12  
  108  8:01  Extractor  
  108  8:03  Extractor  
  108  8:05  Zergling x8  
  110  8:24  Mutalisk x6  
  110  8:27  Overlord  
  118  8:30  Overlord  
  118  8:31  Overlord  
  118  8:39  Centrifugal Hooks  
  114  8:44  Mutalisk x2  
  114  8:45  Zergling x8  
  116  8:50  Hatchery  
  116  8:53  Overseer  
  116  8:54  Zergling x14  
  116  9:02  Baneling x5  
  113  9:11  Zergling x12  
  113  9:14  Drone x4  
  123  9:19  Zerg Flyer Weapons Level 2  
  118  9:36  Drone x9  
  127  9:41  Baneling x13  
  127  9:42  Baneling  
  127  9:47  Baneling x8  
  127  10:01  Zergling x22  
  127  10:05  Overlord  
  127  10:06  Overlord  
  128  10:18  Zergling x22  
  116  10:22  Overseer  
  88  10:35  Mutalisk  
  88  10:36  Mutalisk x4  
  95  10:49  Mutalisk x3  
  91  11:01  Pneumatized Carapace  
  86  11:05  Baneling x3  
  74  11:32  Mutalisk x3  
  52  11:50  Mutalisk  
  52  11:53  Zergling x2  
  51  11:55  Zergling x2  
  51  12:08  Zergling x6  
  50  12:25  Baneling x2  
  46  12:35  Drone x3  
  46  12:43  Baneling x2  
  39  12:56  Baneling  
  39  13:01  Baneling  
  27  13:31  Mutalisk x2  
  31  13:45  Zergling x2  
  30  14:13  Baneling, Zergling x4  
  30  14:14  Zergling x2  
  30  14:16  Zergling x2  
  33  14:28  Zergling x2  
Show
View Real Time Build Order
Export as new Build Order

Elazer Zerg - Winner!

Build Orders: Hatch First, Roach Nydus 

Get SALT Encoding   

  12  0:00  Drone  
  13  0:12  Overlord  
  13  0:16  Drone  
  14  0:30  Drone x2  
  16  0:48  Hatchery  
  15  0:51  Drone  
  15  0:53  Drone  
  17  0:57  Drone  
  18  1:07  Extractor  
  17  1:12  Spawning Pool  
  17  1:15  Drone  
  17  1:19  Drone  
  18  1:27  Drone  
  19  1:38  Drone  
  20  1:53  Drone  
  21  1:59  Queen  
  21  2:00  Queen, Zergling x2  
  21  2:01  Overlord  
  26  2:06  Metabolic Boost  
  26  2:11  Drone x2  
  28  2:21  Drone  
  28  2:22  Drone  
  30  2:32  Zergling x2  
  30  2:33  Zergling x2  
  32  2:39  Hatchery  
  32  2:44  Drone  
  32  2:46  Overlord  
  32  2:53  Drone  
  32  2:55  Drone  
  34  3:04  Drone  
  35  3:07  Drone  
  35  3:08  Drone  
  35  3:09  Drone  
  35  3:11  Queen  
  35  3:12  Overlord  
  40  3:15  Zergling x6  
  43  3:27  Drone  
  43  3:31  Overlord  
  44  3:34  Drone x2  
  46  3:44  Drone x2  
  46  3:46  Drone x3  
  46  3:47  Roach Warren  
  46  3:48  Overlord  
  50  3:50  Lair  
  50  3:58  Drone x5  
  55  4:08  Drone  
  55  4:09  Drone  
  57  4:14  Overlord  
  57  4:20  Extractor, Drone  
  57  4:21  Drone x3  
  60  4:28  Drone  
  60  4:29  Extractor, Drone x3  
  73  4:31  Roach x5  
  73  4:35  Overlord  
  73  4:39  Extractor  
  72  4:48  Overlord x2  
  72  4:49  Overseer  
  72  4:51  Roach x2  
  76  5:01  Roach x3  
  82  5:08  Roach  
  82  5:09  Roach, Overlord  
  85  5:19  Roach x4  
  93  5:24  Overlord, Drone x4  
  97  5:29  Queen x3  
  97  5:31  Zergling x4  
  97  5:32  Zergling x2  
  97  5:33  Overlord x2  
  106  5:39  Nydus Network  
  105  5:44  Roach  
  105  5:56  Roach, Zergling x28  
  117  5:58  Ravager  
  109  6:05  Ravager x3  
  109  6:10  Queen x3  
  110  6:11  Drone x3  
  110  6:17  Glial Reconstitution  
  110  6:19  Spore Crawler  
  110  6:21  Spore Crawler  
  110  6:22  Spore Crawler  
  110  6:23  Spore Crawler  
  102  6:30  Drone x6  
  104  6:40  Drone x7  
  104  6:46  Drone x4  
  111  6:56  Drone x4  
  111  6:59  Queen  
  111  7:00  Queen  
  114  7:02  Queen  
  114  7:11  Overlord x3  
  114  7:15  Hydralisk Den  
  113  7:22  Overlord  
  113  7:28  Roach x3  
  111  7:36  Queen  
  112  7:38  Queen  
  112  7:39  Roach x7  
  112  7:42  Evolution Chamber  
  117  7:52  Spore Crawler  
  117  7:53  Muscular Augments  
  117  7:55  Tunneling Claws  
  117  7:58  Spore Crawler  
  115  7:59  Burrow  
  115  8:00  Spore Crawler  
  112  8:07  Spore Crawler  
  112  8:08  Zerg Missile Weapons Level 1, Spore Crawler  
  112  8:10  Hydralisk x2  
  112  8:11  Hydralisk x7  
  124  8:21  Overlord x3  
  112  8:41  Hydralisk x8  
  126  8:50  Drone x4  
  122  8:59  Roach x5  
  122  9:05  Roach x3  
  128  9:10  Roach x2  
  128  9:14  Roach x2  
  136  9:18  Roach  
  133  9:32  Drone x3  
  133  9:34  Roach x3  
  140  9:39  Roach  
  140  9:40  Queen  
  140  9:41  Queen  
  140  9:44  Extractor  
  140  9:45  Queen, Infestation Pit  
  146  9:56  Roach x2  
  146  9:57  Roach x2  
  146  9:58  Roach x8  
  146  9:59  Roach x2  
  146  10:07  Nydus Canal  
  146  10:10  Roach x2  
  136  10:17  Hydralisk x3  
  136  10:18  Hydralisk x5  
  128  10:26  Roach x4  
  122  10:28  Hydralisk  
  122  10:29  Hydralisk x2  
  122  10:32  Roach, Queen x2  
  122  10:33  Roach, Queen  
  126  10:36  Roach x2  
  126  10:40  Roach x5  
  126  10:45  Hydralisk x3  
  128  10:50  Roach x2  
  126  11:00  Roach x8  
  126  11:01  Roach x2  
  126  11:02  Roach  
  140  11:07  Nydus Canal  
  136  11:13  Roach x2  
  136  11:16  Queen x2  
  144  11:19  Extractor  
  144  11:23  Roach x4  
  140  11:27  Roach  
  140  11:28  Roach x2  
  140  11:29  Hydralisk  
  125  11:35  Hydralisk  
  125  11:36  Queen  
  104  11:44  Drone x5  
  97  12:06  Drone  
  97  12:07  Drone x4  
  100  12:13  Hydralisk x4  
  104  12:18  Hydralisk x2  
  94  12:34  Roach x5  
  104  12:41  Queen x2  
  94  12:53  Drone x3  
  93  13:02  Hydralisk x5  
  99  13:07  Hydralisk x2  
  86  13:17  Roach  
  86  13:19  Roach  
  69  13:27  Drone x7  
  72  13:40  Hydralisk x2  
  70  13:49  Nydus Canal  
  70  13:58  Roach x4  
  78  14:12  Drone x7  
Tags
 
Add a new tag
Caveats
  • Supply blocks, unpowered buildings, or Contaminate may cause inaccurate times.
  • Supply counts are checked every 10 seconds.